 Dungeon Crawl Stone Soup version 0.28-a0-1387-g3a22ab9bdc (webtiles) character file.

Game seed: 3517165532137574975

1862 shoop the Fighter (level 9, 0/96 HPs)
             Began as an Ogre Hunter on Jan 2, 2022.
             Was a Priest of Jiyva.
             Succumbed to a killer bee's poison
             ... on level 7 of the Dungeon.
             The game lasted 00:14:47 (6697 turns).

shoop the Fighter (Ogre Hunter)                     Turns: 6697, Time: 00:14:48

Health: 0/96       AC:  5    Str: 25 (28) XL:     9   Next: 13%
Magic:  5/9        EV:  9    Int: 17 (18) God:    Jiyva [***...]
Gold:   123        SH:  0    Dex:  7 (9)  Spells: 8/8 levels left

rFire   . . .      SeeInvis .   D - +0 giant spiked club
rCold   . . .      Faith    .   (shield currently unavailable)
rNeg    . . .      Spirit   .   o - +1 robe {Will+}
rPois   .          Reflect  .   (helmet restricted)
rElec   .          Harm     .   y - +0 cloak
rCorr   +          Rampage  .   (gloves unavailable)
Will    +....                   (boots unavailable)
Stlth   +.........              (no amulet)
HPRegen 1.38/turn               k - +6 ring of strength
MPRegen 0.46/turn               (no ring)

@: lethally poisoned (0 -> -1), slimy
A: large, unfitting armour, tough skin 1, horns 1, clever 2, strong 1, wild
magic 3
a: Renounce Religion, Oozemancy


You were on level 7 of the Dungeon.
You worshipped Jiyva.
Jiyva was most pleased with you.
You visited 1 branch of the dungeon, and saw 7 of its levels.
You also visited: Sewer and Ossuary.

You collected 123 gold pieces.

Inventory:

Hand Weapons
 a - a +0 short sword
 h - a +0 mace
 t - a +0 flail
 C - a +0 dire flail
 D - a +0 giant spiked club (weapon)
Missiles
 e - 270 stones
 m - 6 poisoned darts
 n - 2 throwing nets
 B - 5 large rocks (quivered)
Armour
 b - a +0 robe
 o - a +1 robe of willpower (worn)
 y - a +0 cloak (worn)
Jewellery
 c - a ring of positive energy
 k - a +6 ring of strength (left hand)
Wands
 A - a wand of digging (6)
Scrolls
 j - 6 scrolls of identify {unknown}
 l - 2 scrolls of magic mapping {unknown}
 p - 3 scrolls of fog {unknown}
 q - 2 scrolls of blinking {unknown}
 u - 2 scrolls of teleportation {unknown}
 x - a scroll of vulnerability {unknown}
 z - 2 scrolls of immolation {unknown}
 F - a scroll of brand weapon {unknown}
 H - a scroll of fear {unknown}
 I - 2 scrolls of noise {unknown}
 K - a scroll of amnesia {unknown}
Potions
 d - 2 potions of lignification {unknown}
 f - 4 potions of mutation {unknown}
 g - 4 potions of heal wounds
 i - 4 potions of might {unknown}
 r - a potion of cancellation {unknown}
 s - 3 potions of degeneration
 v - a potion of brilliance {unknown}
 w - a potion of magic {unknown}
 E - a potion of curing {unknown}
 G - a potion of attraction {unknown}
 J - a potion of resistance {unknown}


   Skills:
 + Level 8.0 Fighting
 * Level 7.2 Maces & Flails
 + Level 7.0 Throwing
 - Level 2.0 Dodging
 - Level 1.0 Stealth


You had 8 spell levels left.
You didn't know any spells.
Your spell library contained the following spells:

 Spells                   Type           Power      Damage    Failure   Level
 Tukima's Dance           Hex            0%         N/A       80%         3
 Passage of Golubria      Tloc           0%         N/A       99%         4
 Yara's Violent Unravell  Hex/Tmut       0%         3d3       100%        5


Dungeon Overview and Level Annotations

Branches:
Dungeon (7/15)             Temple (0/1) D:5           Sewer (visited)
Ossuary (visited)

Altars:
Fedhas


Innate Abilities, Weirdness & Mutations

You are too large for most types of armour.
You have tough skin. (AC +1)
You have a pair of small horns on your head.
Your mind is very acute. (Int +4)
Your muscles are strong. (Str +2)
Your spells are much harder to cast, but much more powerful.


Message History

* * * LOW HITPOINT WARNING * * *
Unknown command.
Okay, then.
It was a potion of degeneration.
There was something very wrong with that liquid.
You feel weakened.
You feel dopey.
You feel clumsy.
You feel very sick. The killer bee stings you.
* * * LOW HITPOINT WARNING * * *
The killer bee stings you but does no damage.
It was a potion of heal wounds.
You feel much better.
You feel very sick. The killer bee barely misses you.
The killer bee misses you.
You closely miss the killer bee. Your headbutt misses the killer bee.
You feel very sick. The killer bee stings you.
* * * LOW HITPOINT WARNING * * *
You are more poisoned.
The killer bee poisons you! The killer bee stings you.
* * * LOW HITPOINT WARNING * * *
The killer bee barely misses you.
You barely miss the killer bee. Your headbutt misses the killer bee.
You feel very sick. The killer bee barely misses you.
The killer bee closely misses you. The killer bee stings you!
* * * LOW HITPOINT WARNING * * *
A thick mucus forms on your +0 giant spiked club.
You can no longer turn your foes to slime.
You feel very sick. The killer bee closely misses you.
The killer bee stings you but does no damage.
You hear a distant slurping noise.
You closely miss the killer bee. Your headbutt misses the killer bee.
You feel very sick. The killer bee stings you.
* * * LOW HITPOINT WARNING * * *
The killer bee stings you but does no damage.
The killer bee stings you.
* * * LOW HITPOINT WARNING * * *
You barely miss the killer bee. Your headbutt misses the killer bee.
You die...

#.# #.# # #.# #.#
#.#.# #.# #
#.#.#####<###...#
#........†.......
###.#.#######...#
#....# ##
#..#########
#5yy@...(.?.
#†##########
#......y.#
#.#####..# #..#
#..# #..# ...#
##.#


You could see 2 killer bees and a white imp.

Vanquished Creatures
  Sigmund (D:2)
  2 ice beasts
  A black bear (D:6)
  2 ogres
  A phantom (D:5)
  Blork the orc (D:4)
  3 bullfrogs (D:6)
  A scorpion (D:5)
  A water moccasin skeleton (D:6)
  A killer bee (D:7)
  A wight (D:6)
  A howler monkey (D:7)
  3 jellies (Sewer)
  A centaur zombie (D:6)
  Crazy Yiuf (D:3)
  An orc priest (D:5)
  3 hounds
  A bullfrog skeleton (D:6)
  Terence (D:2)
  2 iguanas (D:5)
  An orc wizard (D:3)
  A hound skeleton (D:3)
  11 mummies (Ossuary)
  3 adders
  3 river rats
  An ufetubus (D:4)
  An adder skeleton (D:4)
  A worm (D:2)
  7 orcs
  8 endoplasms
  9 giant cockroaches
  2 goblins (D:4)
  2 hobgoblins
  6 jackals
  6 kobolds
  2 ball pythons
  4 bats
  7 frilled lizards
  2 gnoll skeletons (Ossuary)
  2 goblin skeletons (Ossuary)
  A kobold skeleton (Ossuary)
  3 orc skeletons (Ossuary)
  6 rats
  11 rat skeletons (Ossuary)
129 creatures vanquished.

Vanquished Creatures (others)
  A killer bee (D:7)
  A wight (D:6)
  A bullfrog zombie (D:6)
  A jelly (D:6)
  An iguana (D:5)
  A mummy (Ossuary)
  An adder (D:3)
  2 endoplasms
  7 kobolds (D:3)
  2 rats (D:3)
  14 fungi (D:3)
  A plant (D:3)
  6 toadstools (D:3)
39 creatures vanquished.

Grand Total: 168 creatures vanquished

Notes
Turn   | Place    | Note
-------+----------+-------------------------------------------
     0 | D:1      | shoop the Ogre Hunter began the quest for the Orb.
     0 | D:1      | Reached XP level 1. HP: 22/22 MP: 1/1
   153 | D:1      | Reached XP level 2. HP: 8/29 MP: 2/2
   563 | D:1      | Reached skill level 3 in Fighting
   563 | D:1      | Reached skill level 1 in Stealth
  1577 | D:2      | Noticed Sigmund
  1666 | D:2      | Reached XP level 3. HP: 7/37 MP: 3/3
  1669 | D:2      | Reached skill level 1 in Maces & Flails
  1922 | D:2      | Killed Sigmund
  1923 | D:2      | Reached skill level 4 in Fighting
  1923 | D:2      | Reached XP level 4. HP: 35/49 MP: 4/4
  1923 | D:2      | Reached XP level 5. HP: 39/55 MP: 5/5
  2031 | D:2      | Noticed Terence
  2177 | D:2      | Killed Terence
  2178 | D:2      | Reached XP level 6. HP: 63/63 MP: 6/6
  2475 | D:3      | Reached skill level 5 in Throwing
  2478 | D:3      | Found a glowing drain.
  2645 | Sewer    | Entered a sewer
  2880 | Sewer    | Reached skill level 5 in Fighting
  3088 | Sewer    | Found a viscous altar of Jiyva.
  3403 | Sewer    | Became a worshipper of Jiyva Jaubumm the Shapeless
  3756 | D:3      | Found a faded altar of an unknown god.
  3865 | D:3      | Reached * piety under Jiyva
  4086 | D:3      | Found a runed translucent door.
  4087 | D:3      | Noticed Crazy Yiuf
  4100 | D:3      | Killed Crazy Yiuf
  4101 | D:3      | Reached XP level 7. HP: 13/71 MP: 7/7
  4267 | D:4      | Noticed Blork the orc
  4286 | D:4      | HP: 2/72 [Blork the orc/puff of flame (8)]
  4289 | D:4      | Killed Blork the orc
  4370 | D:4      | Reached ** piety under Jiyva
  4727 | D:4      | Found a blossoming altar of Fedhas.
  4867 | D:5      | Entered Level 5 of the Dungeon
  4979 | D:5      | Found a sand-covered staircase.
  4986 | D:5      | Reached *** piety under Jiyva
  4992 | D:5      | Gained mutation: Your muscles are strong. (Str +2) [Jiyva's
                  | grace]
  4992 | D:5      | Gained mutation: Your muscles are very strong. (Str +4)
                  | [Jiyva's grace]
  4992 | D:5      | Gained mutation: Your mind is acute. (Int +2) [Jiyva's
                  | grace]
  4992 | D:5      | Gained mutation: Your mind is very acute. (Int +4) [Jiyva's
                  | grace]
  4998 | D:5      | Found a staircase to the Ecumenical Temple.
  5012 | D:5      | Reached skill level 6 in Fighting
  5012 | D:5      | Reached skill level 5 in Maces & Flails
  5056 | D:5      | Reached XP level 8. HP: 81/83 MP: 8/8
  5470 | Ossuary  | Entered an ossuary
  5759 | D:5      | Reached **** piety under Jiyva
  5967 | D:6      | Reached skill level 7 in Fighting
  6254 | D:6      | Lost mutation: Your muscles are very strong. (Str +4)
                  | [Jiyva's grace]
  6254 | D:6      | Gained mutation: Your spells are a little harder to cast,
                  | but a little more powerful. [Jiyva's grace]
  6254 | D:6      | Gained mutation: Your spells are harder to cast, but more
                  | powerful. [Jiyva's grace]
  6254 | D:6      | Gained mutation: Your spells are much harder to cast, but
                  | much more powerful. [Jiyva's grace]
  6254 | D:6      | Gained mutation: You have a pair of small horns on your
                  | head. [Jiyva's grace]
  6356 | D:6      | Reached XP level 9. HP: 70/93 MP: 9/9
  6680 | D:7      | Reached skill level 8 in Fighting
  6696 | D:7      | HP: 1/96 [killer bee (5)]
  6697 | D:7      | Succumbed to a killer bee's poison

Illustrated notes

Levels and vault maps discovered:
D:1:      nzn_arrival_crosshair, layout_basic
D:2:      layout_rooms, uniq_sigmund, uniq_terence
D:3:      cheibrodos_fertilizer, layout_loops_ring,
          cheibrodos_sewer_entry_sluice, shapermc_ecumenical_altar_ellora,
          roderic_cross_of_infinity, uniq_crazy_yiuf_cottage
D:4:      layout_loops_ring, kennysheep_little_box, uniq_blork_the_orc
D:5:      layout_basic, temple_green, nicolae_ossuary_entry_plus,
          nicolae_figureground_sparkle
D:6:      layout_gridville, kennysheep_generic_room_12
D:7:      layout_loops_ring, nicolae_underground_beach, uniq_maggie,
          uniq_prince_ribbit1, uniq_harold

Skill      XL: |  1  2  3  4  5  6  7  8  9 |
---------------+----------------------------+-----
Fighting       | 3 4 5 6 7 8 |  8.0
Dodging        | 2 |  2.0
Stealth        | 1 |  1.0
Maces & Flails | 2 3 4 5 7 |  7.2
Throwing       | 5 6 7 |  7.0

Action                   |  1- 3 |  4- 6 |  7- 9 || total
-------------------------+-------+-------+-------++-------
Melee: Short sword       |    23 |       |       ||    23
       Mace              |    58 |    14 |       ||    72
       Flail             |       |    94 |    39 ||   133
       Dire flail        |       |       |    36 ||    36
       Giant spiked club |       |       |   153 ||   153
       Headbutt          |       |       |     1 ||     1
Throw: Large rock        |     3 |     1 |     5 ||     9
       Dart              |     3 |     6 |     1 ||    10
       Throwing net      |     2 |       |       ||     2
Invok: Slimify           |       |       |     2 ||     2
  Use: Potion            |       |       |     2 ||     2
 Stab: Sleeping          |     1 |     2 |     3 ||     6
       Invisible         |       |     1 |       ||     1
Armor: Robe              |    41 |    17 |    85 ||   143
Dodge: Dodged            |    65 |    47 |   123 ||   235

Table legend: (Time is in decaauts)
 A = Elapsed time spent in this place.
 B = Non-inter-level travel time spent in this place.
 C = Inter-level travel time spent in this place.
 D = Time resting spent in this place.
 E = Time spent auto-exploring this place.
 F = Levels seen in this place.
 G = Mean time per level.
                   A        B        C        D        E       F      G
               +--------+--------+--------+--------+--------+-----+--------+
         Total |   6870 |   6543 |    327 |    428 |   3851 |   9 |  763.3 |
       Dungeon |   5763 |   5436 |    327 |    428 |   3205 |   7 |  823.3 |
         Sewer |    814 |    814 |      0 |      0 |    610 |   1 |  814.0 |
       Ossuary |    292 |    292 |      0 |      0 |     36 |   1 |  292.0 |
               +--------+--------+--------+--------+--------+-----+--------+

Top non-repeatable levels by time:
     D:1: 1622 daAuts
     D:3: 950 daAuts
     D:2: 873 daAuts
     D:5: 819 daAuts
   Sewer: 814 daAuts
     D:6: 745 daAuts
     D:4: 703 daAuts
 Ossuary: 292 daAuts
     D:7: 48 daAuts
